AoeStats
← average2ksmurf

Arabia

510236798Analyzed
3v3 RM · 18h ago on Sep 30, 2026· 52m 31s· 6 players
Game mode
Random Map
Map size
Normal (6 player)
Population
200
Speed
Normal
Resources
Standard
Victory
Conquest
Starting age
Dark Age
Ending age
Imperial Age
RankedLock teamsTeams togetherTeam positionsShared explorationLock speedFull tech treeHidden civsTurbo modeCheats
Victory
Defeat
🇨🇱 Muisca · Chile
1252
+15
🇨🇱 Maya · Chile
1180
+18
🇨🇱 Slavs · Chile
1148
+19
🇺🇸 Ethiopians · United States
1423
-25
🇺🇸 Chinese · United States
1238
-44
🇺🇸 Magyars · United States
1000
-32
Smitty
0:25 Loom
9:11 Feudal Age
9:54 Double-Bit Axe
13:55 Fletching
21:09 Castle Age
21:38 Wheelbarrow
21:16 Padded Archer Armor
22:34 Bodkin Arrow
22:55 Leather Archer Armor
23:11 Bow Saw
25:17 Elite Skirmisher
25:38 Crossbowman
26:12 Town Watch
29:12 Hand Cart
29:35 Eagle Warrior
30:15 Squires
31:20 Scale Mail Armor
31:30 Forging
32:00 Thumb Ring
32:57 Ballistics
35:19 Iron Casting
34:59 Chain Mail Armor
42:29 Imperial Age
40:51 Arson
43:03 Gold Mining
43:38 Hul'che Javelineers
45:47 Ring Archer Armor
45:17 Bracer
47:51 Chain Mail Armor
48:24 Elite Eagle Warrior
52:00 Pikeman
tojoka
1:53 Loom
7:21 Loom
9:51 Feudal Age
11:31 Double-Bit Axe
16:07 Bloodlines
18:18 Scale Barding Armor
18:23 Forging
25:05 Castle Age
25:40 Light Cavalry
28:47 Bow Saw
30:42 Iron Casting
32:38 Chain Barding Armor
35:32 Husbandry
39:55 Pikeman
41:32 Scale Mail Armor
44:55 Gold Mining
53:07 Chain Mail Armor
Coyote
6:36 Loom
9:13 Feudal Age
10:10 Double-Bit Axe
11:17 Horse Collar
14:09 Fletching
16:20 Padded Archer Armor
16:15 Town Watch
23:03 Castle Age
21:18 Gold Mining
23:07 Crossbowman
26:13 Bodkin Arrow
26:32 Bow Saw
26:27 Heavy Plow
27:37 Wheelbarrow
28:40 Wheelbarrow
29:38 Leather Archer Armor
31:58 Hand Cart
31:45 Stone Mining
32:23 Town Patrol
35:08 Ballistics
38:05 Thumb Ring
43:13 Imperial Age
42:06 Herbalism
43:17 Elite Guecha Warrior
43:58 Bracer
45:00 Chemistry
43:24 Arbalester
45:28 Masonry
45:24 Siege Engineers
46:24 Conscription
46:40 Hoardings
48:18 Murder Holes
48:52 Conscription
49:07 Hoardings
49:16 Scale Mail Armor
49:26 Forging
50:26 Squires
49:47 Champi Runner
50:45 Chain Mail Armor
51:06 Champi Warrior
52:17 Plate Mail Armor
52:23 Iron Casting
53:20 Two-Man Saw
52:54 Crop Rotation
dragonfang75
3:13 Loom
11:50 Feudal Age
14:21 Double-Bit Axe
14:29 Horse Collar
26:05 Castle Age
34:31 Husbandry
34:48 Bloodlines
35:49 Bow Saw
37:44 Scale Barding Armor
40:47 Chain Barding Armor
48:48 Imperial Age
49:17 Cavalier
bobross
6:26 Loom
8:38 Feudal Age
15:45 Fletching
18:43 Padded Archer Armor
26:38 Castle Age
25:06 Horse Collar
25:14 Double-Bit Axe
26:57 Crossbowman
27:33 Bodkin Arrow
27:54 Leather Archer Armor
28:59 Bow Saw
35:25 Scale Barding Armor
39:04 Imperial Age
37:49 Wheelbarrow
40:52 Chemistry
39:30 Arbalester
44:26 Bracer
45:07 Ring Archer Armor
45:44 Two-Man Saw
45:22 Siege Engineers
48:38 Chain Barding Armor
49:00 Husbandry
48:57 Light Cavalry
50:23 Forging
average2ksmurf
0:26 Loom
9:32 Feudal Age
10:26 Double-Bit Axe
13:19 Fletching
18:40 Horse Collar
22:08 Castle Age
22:20 Crossbowman
23:00 Bodkin Arrow
24:27 Bow Saw
24:19 Heavy Plow
30:34 Wheelbarrow
32:12 Hand Cart
32:51 Gold Mining
32:52 Stone Mining
35:08 Thumb Ring
37:59 Imperial Age
36:35 Ballistics
39:15 Bracer
38:35 Arbalester
40:17 Chemistry
38:55 Capped Ram
39:48 Siege Ram
43:14 Town Watch
47:22 Light Cavalry
48:20 Bloodlines
48:11 Husbandry
48:54 Scale Barding Armor
49:01 Forging
50:15 Chain Barding Armor
Connection lost

Rejoining the realm…

Still unreachable

The connection could not be restored.

Session expired

The server has moved on; the page needs a fresh start.